 Dungeon Crawl Stone Soup version 0.29.1-1-gd02db6906a (webtiles) character file.

Game seed: 3519210490877448632

11781 Icepheonix32 the Transmogrifier (level 11, -12/92 HPs)
             Began as a Merfolk Transmuter on Oct 3, 2022.
             Was a Follower of Sif Muna.
             Mangled by a seven-headed hydra (13 damage)
             ... on level 11 of the Dungeon on Oct 4, 2022.
             The game lasted 00:33:42 (14772 turns).

Icepheonix32 the Transmogrifier (MfTm)             Turns: 14772, Time: 00:33:43

Health: -12/92     AC: 10    Str: 14    XL:     11   Next: 83%
Magic:  17/20      EV: 15    Int: 17    God:    Sif Muna [*.....]
Gold:   269        SH:  0    Dex: 19    Spells: 9/22 levels left

rFire   x . .      SeeInvis .     - Unarmed
rCold   + + +      Faith    .   (shield currently unavailable)
rNeg    . . .      Spirit   .   (body armour currently unavailable)
rPois   +          Reflect  .   (helmet currently unavailable)
rElec   .          Harm     .   (cloak currently unavailable)
rCorr   .          Rampage  .   (gloves currently unavailable)
Will    +....                   (boots currently unavailable)
Stlth   ++++......              H - amulet of the acrobat
HPRegen 0.25/turn               h - ring "Caesm" {rC+ Will+ Dex+6 Stlth+}
MPRegen 0.17/turn               n - ring of wizardry

@: ice-form
A: freezing attack, boosted hp, large, (nimble swimmer 2), (mertail), strong 1,
evolution 1
a: End Transformation, Renounce Religion, Channel Magic


You were on level 11 of the Dungeon.
You worshipped Sif Muna.
Sif Muna was aware of your devotion.
You were a creature of crystalline ice.
You visited 2 branches of the dungeon, and saw 14 of its levels.

You collected 648 gold pieces.
You spent 379 gold pieces at shops.

Inventory:

Hand Weapons
 d - the +5 hand axe of Ytaluah (melded) {venom, +Blink rPois Will- Str+4}
   (You found it on level 3 of the Dungeon)

   It poisons the flesh of those it strikes.
   Str:       It affects your strength (+4).
   rPois:     It protects you from poison.
   +Blink:    It lets you blink.
   Will:      It decreases your willpower.
 l - a +5 falchion of distortion
 J - a +4 long sword of holy wrath
Missiles
 t - 5 boomerangs
 E - a silver boomerang
Armour
 g - a +0 cloak (melded)
 q - a +0 pair of gloves (melded)
 r - a +2 leather armour of cold resistance
 I - +0 acid dragon scales
 K - the +4 robe of Augmentation (melded) {Str+4 Int+4 Dex+4}
   (You found it on level 8 of the Dungeon)

   Str:       It affects your strength (+4).
   Int:       It affects your intelligence (+4).
   Dex:       It affects your dexterity (+4).
Jewellery
 c - a ring of protection from fire
 h - the ring "Caesm" (left front paw) {rC+ Will+ Dex+6 Stlth+}
   (You bought it in a shop on level 1 of the Dungeon)

   [ring of dexterity]

   Dex:       It affects your dexterity (+6).
   rC:        It protects you from cold.
   Will:      It increases your willpower.
   Stlth:     It makes you more stealthy.
 k - a ring of protection from fire
 n - a ring of wizardry (right front paw)
 H - an amulet of the acrobat (around neck)
 M - an amulet of regeneration
Wands
 w - a wand of iceblast (28)
 F - a wand of polymorph (12)
 L - a wand of digging (6)
Scrolls
 a - 3 scrolls of blinking
 e - a scroll of magic mapping
 i - a scroll of brand weapon
 o - 4 scrolls of teleportation
 v - 4 scrolls of poison
 y - a scroll of torment
 B - a scroll of immolation
 C - a scroll of summoning
 D - 2 scrolls of enchant armour
 N - 3 scrolls of fear
 P - 2 scrolls of identify
 Q - a scroll of fog {unknown}
Potions
 b - a potion of lignification
 f - 2 potions of heal wounds
 j - a potion of ambrosia
 m - 2 potions of brilliance
 p - 2 potions of flight
 s - a potion of berserk rage
 u - a potion of attraction
 x - 2 potions of curing
 z - a potion of mutation
 A - a potion of magic
 G - a potion of might
 O - a potion of cancellation


   Skills:
 + Level 4.2 Fighting
 + Level 4.1 Axes
 - Level 1.9 Armour
 * Level 9.6 Dodging
 + Level 4.7 Stealth
 + Level 8.9 Unarmed Combat
 + Level 6.1 Spellcasting
 + Level 0.6 Conjurations
 * Level 10.7 Transmutations
 * Level 7.3 Ice Magic
 + Level 0.2 Air Magic
 + Level 4.6 Poison Magic


You had 9 spell levels left.
You knew the following spells:

 Your Spells              Type           Power      Damage    Failure   Level
a - Beastly Appendage     Tmut           82%        N/A       1%          1
b - Wereblood             Tmut           41%        N/A       1%          2
c - Spider Form           Tmut/Pois      31%        N/A       1%          3
d - Ice Form              Ice/Tmut       35%        N/A       1%          4
e - Mephitic Cloud        Conj/Pois/Air  11%        N/A       8%          3

Your spell library contained the following spells:

 Spells                   Type           Power      Damage    Failure   Level
 Magic Dart               Conj           28%        1d4       4%          1
 Searing Ray              Conj           14%        2d5       6%          2
 Call Imp                 Summ           5%         N/A       8%          2
 Stone Arrow              Conj/Erth      12%        3d7       13%         3
 Gell's Gravitas          Tloc           5%         N/A       16%         3
 Teleport Other           Tloc           5%         N/A       16%         3
 Fulminant Prism          Conj/Hex       3%         3d6       38%         4
 Animate Armour           Summ/Erth      10%        N/A       43%         4
 Dispersal                Tloc           2%         N/A       99%         6
 Lehudib's Crystal Spear  Conj/Erth      3%         10d2      100%        8


Dungeon Overview and Level Annotations

Branches:
Dungeon (13/15)            Temple (1/1) D:5            Lair (0/5) D:8
    Orc: D:9-12      Vaults: D:13-14

Altars:
Ashenzari
Cheibriados
Dithmenos
Elyvilon
Fedhas
Gozag
Hepliaklqana
Kikubaaqudgha
Makhleb
Nemelex Xobeh
Okawaru
Qazlal
Ru
Sif Muna
Trog
Uskayaw
Vehumet
Wu Jian
Xom
Yredelemnul
Zin
The Shining One

Shops:
D:1 ****=   D:6 =*?(   D:8 =

Annotations:
D:5 Menkaure


Innate Abilities, Weirdness & Mutations

You are a creature of crystalline ice.
You have a powerful freezing melee attack.
Your maximum health is increased.
Your armour is entirely melded.
You are incapable of wielding weapons or throwing items.
((You are very nimble when in or above water. (Stealth+, EV+, Speed+++)))
((Your lower body shifts to a powerful aquatic tail in water.))
Your muscles are strong. (Str +4, Int/Dex -1)
You have hidden genetic potential.


Message History

The seven-headed hydra seems to slow down.
You freeze the seven-headed hydra.
The seven-headed hydra is heavily wounded.
Unknown command.
You pummel the seven-headed hydra!!
The seven-headed hydra seems to slow down.
You freeze the seven-headed hydra.
The seven-headed hydra is almost dead.
The seven-headed hydra bites you.
The seven-headed hydra bites you but does no damage.
The seven-headed hydra bites you! The seven-headed hydra misses you.
The seven-headed hydra bites you! x3
You hit the seven-headed hydra.
The seven-headed hydra seems to slow down.
You freeze the seven-headed hydra.
The seven-headed hydra is almost dead.
The seven-headed hydra bites you.
The seven-headed hydra barely misses you.
The seven-headed hydra misses you. The seven-headed hydra bites you.
* * * LOW HITPOINT WARNING * * *
The seven-headed hydra misses you.
The seven-headed hydra bites you but does no damage.
The seven-headed hydra closely misses you.
Unknown command.
You hit the seven-headed hydra. You freeze the seven-headed hydra.
The seven-headed hydra is almost dead.
Unknown command.
Unknown command.
You hit the seven-headed hydra but do no damage.
The seven-headed hydra is almost dead.
The seven-headed hydra bites you.
* * * LOW HITPOINT WARNING * * *
The seven-headed hydra barely misses you.
The seven-headed hydra bites you!
* * * LOW HITPOINT WARNING * * *
The seven-headed hydra bites you!
* * * LOW HITPOINT WARNING * * *
The seven-headed hydra closely misses you.
The seven-headed hydra bites you!
You die...

##########
#...DY...#
#.######.#######
#.........
###..######.
#........?.
#.###.#..######
#............
#####.#######
#.#


You could see a seven-headed hydra (slow).

Vanquished Creatures
  A boulder beetle (D:13)
  Erolcha (D:9)
  4 two-headed ogres
  Maggie (D:8)
  A kobold demonologist (D:9)
  A troll (D:9)
  Grinder (D:6)
  3 wraiths
  13 yaks
  A wyvern (D:9)
  8 vampire mosquitoes
  A steam dragon (D:9)
  An acid dragon (D:9)
  2 ice beasts
  A sky beast (D:6)
  2 orc warriors (D:9)
  2 black bears
  2 ogres
  A phantom (D:5)
  4 centaurs
  4 kobold brigands
  Blork the orc (D:6)
  3 bullfrogs
  3 necrophages
  2 scorpions
  A wight (D:9)
  10 killer bees
  2 howler monkeys
  3 jellies
  6 hounds
  A gnoll bouda (D:10)
  6 orc priests
  Jessica (D:2)
  4 iguanas
  Natasha (twice) (D:2)
  8 orc wizards
  3 gnolls (D:10)
  2 adders
  3 white imps
  2 worms
  3 dart slugs
  25 orcs
  5 endoplasms
  5 giant cockroaches
  8 goblins
  7 hobgoblins
  2 jackals (D:5)
  3 quokkas
  5 ball pythons
  8 bats
  3 frilled lizards
  29 kobolds
  7 rats
228 creatures vanquished.

Vanquished Creatures (others)
  3 fungi (D:8)
  3 plants (D:8)
6 creatures vanquished.

Grand Total: 234 creatures vanquished

Notes
Turn   | Place    | Note
-------+----------+-------------------------------------------
     0 | D:1      | Icepheonix32 the Merfolk Transmuter began the quest for the
                  | Orb.
     0 | D:1      | Reached XP level 1. HP: 15/15 MP: 3/3
    23 | D:1      | Found Genuosuo's General Store.
   127 | D:1      | Reached skill level 3 in Transmutations
   127 | D:1      | Reached XP level 2. HP: 21/21 MP: 3/5
   152 | D:1      | Found Akipt's Assorted Antiques.
   183 | D:1      | Bought a scroll labelled EFAPNY TUPP for 22 gold pieces
   402 | D:1      | Found Mecabyot's General Store.
   411 | D:1      | Bought a potion of heal wounds for 65 gold pieces
   422 | D:1      | Found Agutzax's General Store.
   448 | D:1      | Bought a scroll of noise for 12 gold pieces
   601 | D:1      | Found Enaituk's Jewellery Shop.
   877 | D:2      | Reached XP level 3. HP: 24/26 MP: 6/6
  1480 | D:2      | Noticed Natasha
  1489 | D:2      | Killed Natasha
  1490 | D:2      | Reached XP level 4. HP: 15/32 MP: 7/7
  1661 | D:2      | Noticed Natasha
  1691 | D:1      | Learned a level 2 spell: Wereblood
  1695 | D:1      | Learned a level 3 spell: Spider Form
  1872 | D:2      | Noticed Jessica
  1884 | D:2      | Killed Jessica
  1995 | D:2      | Reached skill level 4 in Transmutations
  2267 | D:2      | Killed Natasha
  2268 | D:2      | Reached XP level 5. HP: 37/37 MP: 1/8
  2596 | D:3      | Identified the +5 hand axe of Ytaluah {venom, +Blink rPois
                  | Will- Str+4}
  2760 | D:1      | Bought a fine platinum ring for 110 gold pieces
  2760 | D:1      | Identified the ring "Caesm" {rC+ Will+ Dex+6 Stlth+} (You
                  | bought it in a shop on level 1 of the Dungeon)
  3620 | D:4      | Noticed a black bear
  3634 | D:4      | Killed a black bear
  3635 | D:4      | Reached skill level 1 in Stealth
  3635 | D:4      | Reached skill level 1 in Poison Magic
  3635 | D:4      | Reached XP level 6. HP: 24/44 MP: 6/10
  3891 | D:4      | Reached skill level 5 in Transmutations
  4307 | D:4      | Learned a level 4 spell: Ice Form
  4568 | D:4      | Reached skill level 1 in Axes
  4575 | D:4      | Reached XP level 7. HP: 10/49 MP: 6/11
  5112 | D:5      | Entered Level 5 of the Dungeon
  5330 | D:5      | Reached skill level 1 in Ice Magic
  5356 | D:5      | Found a staircase to the Ecumenical Temple.
  5367 | Temple   | Entered the Ecumenical Temple
  5861 | D:5      | Reached XP level 8. HP: 22/57 MP: 10/12
  6185 | D:5      | Reached skill level 5 in Dodging
  6522 | D:5      | Reached skill level 6 in Transmutations
  6637 | D:5      | Noticed Menkaure
  6792 | D:5      | Reached skill level 5 in Unarmed Combat
  7158 | D:6      | Learned a level 3 spell: Mephitic Cloud
  7237 | D:6      | Found Dowaibaiss's Magic Scroll Boutique.
  7240 | D:6      | Found Zaqyny's Antique Weapon Shoppe.
  7242 | D:6      | Found Daimm's General Store.
  7255 | D:6      | Bought a potion of attraction for 30 gold pieces
  7255 | D:6      | Bought a potion of curing for 30 gold pieces
  7328 | D:6      | Bought a scroll of poison for 44 gold pieces
  7346 | D:6      | Bought a scroll of identify for 22 gold pieces
  7346 | D:6      | Bought a scroll of identify for 22 gold pieces
  7346 | D:6      | Bought a scroll of identify for 22 gold pieces
  7414 | D:6      | Found Reuze's Jewellery Shop.
  7448 | D:6      | Noticed Grinder
  7450 | D:6      | Paralysed by Grinder for 3 turns
  7459 | D:6      | Killed Grinder
  7460 | D:6      | Reached XP level 9. HP: 50/62 MP: 9/15
  7601 | D:6      | Noticed Blork the orc
  7608 | D:6      | Killed Blork the orc
  7609 | D:6      | Reached skill level 1 in Armour
  7609 | D:6      | Reached skill level 7 in Transmutations
  8021 | D:6      | HP: 3/63 [poisoned by a killer bee]
  9621 | D:8      | Found Xaokh's One-of-a-Kind Rings.
  9644 | D:8      | Found a staircase to the Lair.
 10097 | D:8      | Noticed Maggie
 10120 | D:8      | Killed Maggie
 10121 | D:8      | Reached skill level 8 in Transmutations
 10121 | D:8      | Reached skill level 5 in Ice Magic
 10121 | D:8      | Reached XP level 10. HP: 40/70 MP: 14/16
 10293 | D:8      | Found the +4 robe of Augmentation {Str+4 Int+4 Dex+4}
 10506 | D:9      | Found a burning altar of Makhleb.
 10513 | D:9      | Found a basalt altar of Yredelemnul.
 10516 | D:9      | Found a shadowy altar of Dithmenos.
 10516 | D:9      | Found an ornate altar of the Wu Jian Council.
 10523 | D:9      | Found a shimmering blue altar of Sif Muna.
 10542 | D:9      | Became a worshipper of Sif Muna the Loreminder
 11104 | D:9      | Noticed a kobold demonologist
 11105 | D:9      | Noticed a two-headed ogre
 11118 | D:9      | Killed a kobold demonologist
 11121 | D:9      | Killed a two-headed ogre
 11122 | D:9      | Reached skill level 5 in Spellcasting
 11122 | D:9      | Reached skill level 9 in Transmutations
 11126 | D:9      | Noticed a two-headed ogre
 11138 | D:9      | Killed a two-headed ogre
 11300 | D:9      | Noticed Erolcha
 11316 | D:9      | Killed Erolcha
 11317 | D:9      | Reached XP level 11. HP: 56/76 MP: 16/19
 11466 | D:9      | Noticed a two-headed ogre
 11476 | D:9      | Killed a two-headed ogre
 11734 | D:9      | Found a sacrificial altar of Ru.
 11753 | D:9      | Reached skill level 10 in Transmutations
 11939 | D:9      | Reached * piety under Sif Muna
 12226 | D:9      | Gained mutation: You have hidden genetic potential. [potion
                  | of mutation]
 12226 | D:9      | Gained mutation: Your muscles are strong. (Str +4, Int/Dex
                  | -1) [potion of mutation]
 12332 | D:10     | Entered Level 10 of the Dungeon
 13028 | D:10     | Noticed a two-headed ogre
 13469 | D:10     | Killed a two-headed ogre
 13754 | D:11     | You fall into a shaft and drop 2 floors!
 13776 | D:13     | Noticed a boulder beetle
 13799 | D:13     | Killed a boulder beetle
 14183 | D:12     | Noticed a two-headed ogre
 14761 | D:11     | Noticed a seven-headed hydra
 14772 | D:11     | HP: 1/92 [seven-headed hydra (12)]
 14772 | D:11     | Mangled by a seven-headed hydra

Illustrated notes

Levels and vault maps discovered:
D:1:      minmay_arrival_shattered_statue, layout_basic, serial_shops,
          nicolae_shop_overgrown_old_shop, nicolae_square_shop, shop_fountains,
          nicolae_shop_hallway_plus, shop,
          nicolae_concentric_dashed_squares_mild, corexii_leaking_fountain
D:2:      layout_loops_ring, minmay_small_reverse_x, uniq_natasha, uniq_jessica
D:3:      layout_loops_ring, dreamdust_mushroom_princess,
          minmay_misc_feat_four_crosses, minivault_11, minmay_tree_intersection
D:4:      layout_loops_corners, bh_walls_and_bars
D:5:      layout_cave_pods, minmay_temple_entry_hall, uniq_menkaure
D:6:      layout_loops_ring, serial_shops, shop, shop, shop, shop, minmay_holes,
          dk_rats_in_the_wall, uniq_blork_the_orc, uniq_grinder
D:7:      layout_basic
D:8:      layout_loops_ring, dpeg_oklobed_lair, kennysheep_big_empty_room,
          nicolae_shop_unique_rings, uniq_maggie
D:9:      minmay_angry_zag, layout_basic, nicolae_overflow_hallway_of_the_gods,
          nicolae_ru_sacrificial_ziggurat, uniq_erolcha
D:10:     layout_stronghold, grunt_ministairs_11
D:11:     layout_loops_corners, ebering_ghost_xom, special_room
          [special_room_orc], uniq_maurice
D:12:     layout_layer_cave, orc_0_dummy
D:13:     layout_cave_pools, gammafunk_ghost_wrathful_warriors
Temple:   kb_temple_of_zot

Skill      XL: |  1  2  3  4  5  6  7  8  9 10 11 |
---------------+----------------------------------+-----
Transmutations | 3 4 5 6 8 9 10 | 10.7
Dodging        | 3 4 5 6 8 9 |  9.6
Unarmed Combat | 4 5 6 8 |  8.9
Stealth        | 1 2 3 4 |  4.7
Poison Magic   | 1 2 3 4 |  4.6
Axes           | 1 2 3 4 |  4.1
Fighting       | 2 3 4 |  4.2
Ice Magic      | 2 3 5 6 7 |  7.3
Spellcasting   | 3 4 5 6 |  6.1
Armour         | 1 |  1.9
Conjurations   | |  0.6
Air Magic      | |  0.2

Action                   |  1- 3 |  4- 6 |  7- 9 | 10-12 || total
-------------------------+-------+-------+-------+-------++-------
Melee: Unarmed           |   105 |    70 |   182 |   181 ||   538
       Headbutt          |     8 |    14 |    10 |    10 ||    42
       Punch             |     3 |     5 |     6 |     4 ||    18
       Hand axe          |       |    59 |   138 |    67 ||   264
 Cast: Beastly Appendage |    14 |    18 |     5 |     6 ||    43
       Spider Form       |       |     3 |    10 |     8 ||    21
       Wereblood         |       |     1 |     6 |    10 ||    17
       Ice Form          |       |       |     3 |    12 ||    15
       Mephitic Cloud    |       |       |       |     7 ||     7
Evoke: Wand              |       |       |     1 |       ||     1
  Use: Scroll            |       |     9 |     3 |     7 ||    19
       Potion            |       |     3 |     3 |     4 ||    10
 Stab: Sleeping          |     3 |     6 |     9 |     4 ||    22
       Confused          |       |       |       |     5 ||     5
Armor: Robe              |    22 |    17 |    14 |    19 ||    72
       Skin              |       |     2 |    44 |    33 ||    79
       Leather armour    |       |       |    26 |       ||    26
Dodge: Dodged            |    76 |    80 |   323 |   260 ||   739
